 Dungeon Crawl Stone Soup version 0.26-a0-1080-g4c0aae810e (webtiles) character file.

Game seed: 16905692378598731605

5404 night the Geomancer (level 10, -17/77 (79) HPs)
             Began as a Demonspawn Earth Elementalist on Dec 14, 2020.
             Was a Priest of Vehumet.
             Demolished by a two-headed ogre
             ... wielding a +0 giant club
              (25 damage)
             ... on level 9 of the Dungeon.
             The game lasted 00:28:24 (13317 turns).

night the Geomancer (DsEE)                         Turns: 13317, Time: 00:28:25

HP:   -17/77 (79)   AC:  4    Str: 15    XL:     10   Next: 40%
MP:   20/20         EV: 12    Int: 20    God:    Vehumet [***...]
Gold: 709           SH:  0    Dex: 13    Spells: 13/22 levels left

rFire    + . .     SeeInvis +     - Unarmed
rCold    + . .     Faith    .   (no shield)
rNeg     . . .     Spirit   .   s - +1 robe {rC+ rF+}
rPois    .         Reflect  .   (helmet restricted)
rElec    .         Harm     .   (no cloak)
rCorr    .         Rampage  .   (gloves unavailable)
Will     .....                  D - +0 pair of boots
Stlth    ++........             (no amulet)
HPRegen  0.22/turn              x - ring of see invisible
MPRegen  0.17/turn              a - +6 ring of strength

@: lightly drained
A: antennae 1, claws 3, talons 1, powered by pain 1, miasma immunity
a: Renounce Religion


You were on level 9 of the Dungeon.
You worshipped Vehumet.
Vehumet was most pleased with you.
You visited 1 branch of the dungeon, and saw 10 of its levels.

You collected 709 gold pieces.

Inventory:

Hand Weapons
 b - a +0 hand crossbow
Missiles
 e - 135 arrows
 l - 147 stones
 q - 72 bolts
 t - 18 poisoned darts (quivered)
 u - 7 atropa-tipped darts
 w - 106 sling bullets
 F - 8 curare-tipped darts
Armour
 s - a +1 robe of resistance (worn)
 D - a +0 pair of boots (worn)
 K - a +1 helmet
Jewellery
 a - a +6 ring of strength (right claw)
 o - an uncursed ring of fire
 x - a ring of see invisible (left claw)
Wands
 g - a wand of enslavement (12)
 n - a wand of paralysis (9)
 E - a wand of random effects (37)
 G - a wand of acid (12)
Scrolls
 c - a scroll of identify
 i - a scroll of enchant weapon
 j - a scroll of fear
 m - 6 scrolls of teleportation
 r - a scroll of magic mapping
 y - 7 scrolls of remove curse
 C - 4 scrolls of amnesia
Potions
 d - 2 potions of curing
 h - 2 potions of mutation
 k - 3 potions of ambrosia
 p - 2 potions of heal wounds
 v - 2 potions of cancellation
 z - 2 potions of resistance
 A - 4 potions of haste
 B - a potion of brilliance
 H - 2 potions of might
 I - 2 potions of attraction
 J - a potion of lignification


   Skills:
 + Level 7.0 Fighting
 - Level 1.7 Dodging
 - Level 1.7 Stealth
 + Level 5.4 Unarmed Combat
 + Level 6.8 Spellcasting
 - Level 0.8 Transmutations
 + Level 9.7 Earth Magic


You had 13 spell levels left.
You knew the following spells:

 Your Spells              Type           Power        Failure   Level
a - Sandblast             Erth           #####.       1%          1
b - Stone Arrow           Conj/Erth      ####..       1%          3
c - Lee's Rapid Deconstr  Erth           #####.....   1%          5

Your spell library contained the following spells:

 Spells                   Type           Power        Failure   Level
 Fulminant Prism          Conj/Hex       #.........   24%         4
 Passwall                 Tmut/Erth      ####....     1%          2
 Apportation              Tloc           #.....       10%         1
 Petrify                  Tmut/Erth      ####....     11%         4
 Gell's Gravitas          Tloc           #.........   28%         3
 Lesser Beckoning         Tloc           #.........   28%         3
 Portal Projectile        Hex/Tloc       #.....       28%         3
 Tukima's Dance           Hex            #.......     28%         3
 Alistair's Intoxication  Tmut/Pois      #........    92%         5
 Dispersal                Tloc           #.........   100%        6
 Invisibility             Hex            #.......     100%        6
 Disjunction              Tloc           #.........   100%        8


Dungeon Overview and Level Annotations

Branches:
Dungeon (10/15)            Temple (0/1) D:4            Lair (0/6) D:8
    Orc (0/2) D:9

Altars:
Cheibriados
Elyvilon
Gozag
Kikubaaqudgha
Okawaru
Sif Muna
Vehumet
Xom
Yredelemnul


Innate Abilities, Weirdness & Mutations

You have a pair of small antennae on your head.
You have claws for hands.
You have sharp toenails.
You sometimes gain a little power by taking damage.
You are immune to miasma.


Message History

You climb upwards.
There is a stone staircase leading down here.
Casting: Lee's Rapid Deconstruction (dangerous; 1% risk of failure)
Confirm with . or Enter, or press ? or * to list all spells.
Okay, then.
Casting: Lee's Rapid Deconstruction (dangerous; 1% risk of failure)
Confirm with . or Enter, or press ? or * to list all spells.
Aiming: Stone Arrow (safe; 1% risk of failure)
Press: ? - help, Shift-Dir - straight line, f - two-headed ogre
Aim: a two-headed ogre, wielding a +0 giant club and a +0 giant spiked club (14% to evade)
The stone arrow hits the two-headed ogre!
The two-headed ogre is moderately wounded.
The two-headed ogre hits you with a +0 giant club!!
You focus on the pain.
You feel your power returning.
The two-headed ogre hits you with a +0 giant spiked club!
There is a stone staircase leading up here.
The two-headed ogre hits you with a +0 giant club!!
* * * LOW HITPOINT WARNING * * *
The two-headed ogre hits you with a +0 giant spiked club!!
You die...

####.#### #########....##
#.......# #...>.# #....##
#.##.##.# #.....# ####..#
#.##....# #.....# ##.#
#.####..# #.....# #.#
#.####..# #.....# #.#
#.......# ###.#########.#
######.## #.........##.#
#.# #@###.###.##.#
#.######O#..........#####
###
#.#......#.#.##.))..≈)≈..
##.##
#.#......#.#........≈≈≈.8
##...##
#.#.####...............8_
......#
#......#.#.###......≈≈≈.8
##...##
###>##..............≈)≈..
##.##
#.####...########.#####
#.# #........# #.##.##


You could see a two-headed ogre.

Vanquished Creatures
  A hydra (D:10)
  Joseph (D:8)
  A spriggan (D:8)
  Sigmund (D:3)
  3 yaks (D:9)
  A water moccasin (D:9)
  2 orc warriors
  A black bear (D:8)
  2 sky beasts
  A necrophage (D:9)
  3 ogres
  2 centaurs
  2 phantoms (D:9)
  A big kobold (D:8)
  Blork the orc (D:5)
  7 bullfrogs
  A water moccasin zombie (D:4)
  6 wights
  A centaur zombie (D:8)
  3 jellies
  9 orc priests
  3 bullfrog skeletons
  6 hounds
  2 iguanas (D:6)
  14 orc wizards
  3 worker ants
  A hound zombie (D:6)
  A hound skeleton (D:4)
  A howler monkey zombie (D:5)
  3 gnolls (D:6)
  A howler monkey skeleton (D:7)
  7 adders
  2 shadow imps
  2 white imps
  3 ufetubi
  4 oozes
  An adder zombie (D:9)
  An adder skeleton (D:7)
  A worm (D:3)
  2 dart slugs
  6 leopard geckos
  34 orcs
  2 ball pythons
  4 giant cockroaches
  7 hobgoblins
  8 jackals
  18 kobolds
  A quokka (D:4)
  5 bats
  5 frilled lizards
  7 goblins
  A quokka skeleton (D:6)
  8 rats
214 creatures vanquished.

Vanquished Creatures (collateral kills)
  An orc priest (D:7)
1 creature vanquished.

Vanquished Creatures (others)
  A human (D:2)
  7 fungi (D:8)
  11 plants (D:8)
19 creatures vanquished.

Grand Total: 234 creatures vanquished

Notes
Turn   | Place    | Note
-------+----------+-------------------------------------------
     0 | D:1      | night the Demonspawn Earth Elementalist began the quest for
                  | the Orb.
     0 | D:1      | Reached XP level 1. HP: 13/13 MP: 3/3
   329 | D:1      | Reached skill level 3 in Earth Magic
   369 | D:1      | Gained mutation: You have sharp fingernails. [demonic
                  | ancestry]
   369 | D:1      | Reached XP level 2. HP: 12/20 MP: 0/5
   742 | D:1      | Reached skill level 1 in Fighting
   888 | D:1      | Reached XP level 3. HP: 15/26 MP: 3/6
  1157 | D:1      | Learned a level 3 spell: Stone Arrow
  1760 | D:2      | Found a snail-covered altar of Cheibriados.
  1975 | D:2      | Reached XP level 4. HP: 32/32 MP: 4/7
  2057 | D:2      | Found an ancient bone altar of Kikubaaqudgha.
  2057 | D:2      | Noticed a human
  2060 | D:2      | Killed a human
  2095 | D:2      | Found a radiant altar of Vehumet.
  2095 | D:2      | Found a basalt altar of Yredelemnul.
  2104 | D:2      | Became a worshipper of Vehumet
  2572 | D:3      | Noticed Sigmund
  2604 | D:3      | Killed Sigmund
  2605 | D:3      | Reached skill level 2 in Fighting
  2605 | D:3      | Reached skill level 4 in Earth Magic
  2605 | D:3      | Gained mutation: You have sharp toenails. [demonic
                  | ancestry]
  2605 | D:3      | Reached XP level 5. HP: 39/39 MP: 2/9
  3068 | D:3      | Reached * piety under Vehumet
  3068 | D:3      | Offered knowledge of Foxfire by Vehumet.
  3075 | D:3      | Learned a level 5 spell: Lee's Rapid Deconstruction
  3330 | D:3      | Gained mutation: You have very sharp fingernails. [demonic
                  | ancestry]
  3330 | D:3      | Reached XP level 6. HP: 28/46 MP: 8/10
  3699 | D:4      | Found a staircase to the Ecumenical Temple.
  3724 | D:4      | Found a white marble altar of Elyvilon.
  3996 | D:4      | Reached skill level 5 in Earth Magic
  4510 | D:5      | Entered Level 5 of the Dungeon
  5179 | D:5      | Gained mutation: You have claws for hands. [demonic
                  | ancestry]
  5179 | D:5      | Reached XP level 7. HP: 34/52 MP: 7/12
  5371 | D:5      | Noticed Blork the orc
  5393 | D:5      | Killed Blork the orc
  5686 | D:5      | Reached skill level 1 in Unarmed Combat
  6458 | D:6      | Reached skill level 6 in Earth Magic
  6880 | D:5      | Found a shimmering altar of Xom.
  7084 | D:6      | Reached skill level 2 in Unarmed Combat
  7084 | D:6      | Gained mutation: You sometimes gain a little power by
                  | taking damage. [demonic ancestry]
  7084 | D:6      | Reached XP level 8. HP: 59/60 MP: 9/14
  7175 | D:6      | Found a snail-covered altar of Cheibriados.
  7184 | D:6      | Offered knowledge of Searing Ray by Vehumet.
  7224 | D:6      | Found a shimmering altar of Xom.
  7640 | D:6      | Reached ** piety under Vehumet
  7979 | D:7      | Found an opulent altar of Gozag.
  8179 | D:7      | HP: 8/61 [orc/+2 hand axe of venom (5)]
  8184 | D:7      | Reached skill level 7 in Earth Magic
  8994 | D:7      | Reached skill level 5 in Spellcasting
  9377 | D:7      | Found a shimmering blue altar of Sif Muna.
  9485 | D:8      | Noticed Joseph
  9880 | D:8      | Reached skill level 5 in Fighting
  9880 | D:8      | Killed Joseph
  9881 | D:8      | Gained mutation: You are immune to miasma. [demonic
                  | ancestry]
  9881 | D:8      | Reached XP level 9. HP: 38/68 MP: 6/17
 10264 | D:8      | Offered knowledge of Static Discharge by Vehumet.
 10265 | D:8      | Reached skill level 8 in Earth Magic
 10576 | D:8      | HP: 10/69 [spriggan baker/+0 dagger (5)]
 10939 | D:8      | Found a staircase to the Lair.
 11062 | D:8      | Reached *** piety under Vehumet
 11252 | D:9      | Found an iron altar of Okawaru.
 11332 | D:9      | Found a staircase to the Orcish Mines.
 11520 | D:9      | Reached skill level 9 in Earth Magic
 12075 | D:9      | Gained mutation: You have a pair of small antennae on your
                  | head. [demonic ancestry]
 12075 | D:9      | Reached XP level 10. HP: 77/77 MP: 10/19
 12079 | D:9      | Offered knowledge of Fulminant Prism by Vehumet.
 12663 | D:10     | Entered Level 10 of the Dungeon
 12727 | D:10     | Reached skill level 5 in Unarmed Combat
 13006 | D:10     | Noticed a four-headed hydra
 13019 | D:10     | Killed a four-headed hydra
 13022 | D:10     | Noticed a gargoyle
 13237 | D:10     | Noticed a two-headed ogre
 13317 | D:9      | HP: 8/77 [two-headed ogre/+0 giant club (22)]
 13317 | D:9      | Demolished by a two-headed ogre

Illustrated notes

Levels and vault maps discovered:
D:1:      ncdulo_wetmaze, layout_loops_corners, nrook_loot_triangle
D:2:      layout_rooms, lemuel_crystal_altar, amethyst_overflow_temple_binary,
          tgw_kikubaaqudgha
D:3:      layout_loops_corners, chequers_serial_rivers_micro_a, uniq_sigmund
D:4:      layout_cave_pools, elyvilon_altar_5, minmay_temple_entry_offerings
D:5:      lemuel_upstairs_altar, layout_layer_cave, uniq_blork_the_orc
D:6:      layout_loops_cross, basic_altar, st_stairs_7, lemuel_statue_altar
D:7:      kennysheep_orc_sif_temple, layout_loops_corners, grunt_gozag_statues,
          minmay_misc_feat_hallway
D:8:      layout_rooms, grunt_lair_entry_orc_guard_hut, the_bakery, uniq_joseph
D:9:      layout_loops_cross, kennysheep_okawaru_gauntlet, columned_hall_lemuel,
          grunt_ministairs_13, grunt_decor_resistance
D:10:     layout_loops_cross, serial_shops, kennysheep_mini

Skill      XL: |  1  2  3  4  5  6  7  8  9 10 |
---------------+-------------------------------+-----
Earth Magic    | 3 4 5 6 7 9 |  9.7
Fighting       | 1 2 3 4 5 6 7 |  7.0
Spellcasting   | 3 4 5 6 |  6.8
Unarmed Combat | 2 3 4 5 |  5.4
Dodging        | |  1.7
Stealth        | |  1.7
Transmutations | |  0.8

Action                   |  1- 3 |  4- 6 |  7- 9 | 10-12 || total
-------------------------+-------+-------+-------+-------++-------
Melee: Unarmed           |     1 |    11 |   209 |    39 ||   260
       Quarterstaff      |    32 |    95 |       |       ||   127
       Kick              |       |     9 |       |       ||     9
       Punch             |       |       |     3 |       ||     3
 Fire: Hand crossbow     |       |       |       |     7 ||     7
Throw: Stone             |     5 |       |       |       ||     5
       Dart              |       |     4 |    13 |     1 ||    18
 Cast: Sandblast         |    44 |    53 |    41 |     6 ||   144
       Stone Arrow       |       |     8 |    52 |    23 ||    83
       Lee's Rapid Decon |       |       |    20 |     5 ||    25
Evoke: Wand              |       |       |    17 |     3 ||    20
  Use: Scroll            |       |    10 |     3 |    10 ||    23
       Potion            |       |       |     4 |       ||     4
 Stab: Sleeping          |     2 |     3 |     3 |     1 ||     9
       Paralysed         |       |       |    19 |       ||    19
Armor: Robe              |    10 |    49 |    39 |     7 ||   105
Dodge: Dodged            |    29 |   108 |   135 |    35 ||   307

Table legend: (Time is in decaauts)
 A = Elapsed time spent in this place.
 B = Non-inter-level travel time spent in this place.
 C = Inter-level travel time spent in this place.
 D = Time resting spent in this place.
 E = Time spent auto-exploring this place.
 F = Levels seen in this place.
 G = Mean time per level.
                   A        B        C        D        E       F      G
               +--------+--------+--------+--------+--------+-----+--------+
         Total |  13358 |  13049 |    309 |   4544 |   6638 |  10 | 1335.8 |
       Dungeon |  13358 |  13049 |    309 |   4544 |   6638 |  10 | 1335.8 |
               +--------+--------+--------+--------+--------+-----+--------+

Top non-repeatable levels by time:
     D:5: 1964 daAuts
     D:7: 1898 daAuts
     D:9: 1604 daAuts
     D:6: 1475 daAuts
     D:1: 1452 daAuts
     D:8: 1386 daAuts
     D:3: 1285 daAuts
     D:4: 1060 daAuts
     D:2: 751 daAuts
    D:10: 480 daAuts
